 Dungeon Crawl Stone Soup version 0.29-a0-25-g7f48f510a0 (webtiles) character file.

Game seed: 12705748685432750502

4 Hubjo the Grasshopper (level 1, 0/16 HPs)
             Began as a Vampire Warper on Jan 31, 2022.
             Slain by a ball python (1 damage)
             ... on level 1 of the Dungeon.
             The game lasted 00:00:25 (144 turns).

Hubjo the Grasshopper (Vampire Warper)               Turns: 144, Time: 00:00:26

Health: 0/16       AC:  3    Str: 10    XL:     1   Next: 50%
Magic:  3/3        EV:  8    Int: 15    God:
Gold:   0          SH:  0    Dex: 13    Spells: 4/4 levels left

rFire   . . .      SeeInvis +   a - +0 short sword
rCold   . . .      Faith    .   (no shield)
rNeg    . . .      Spirit   .   b - +0 leather armour
rPois   .          Reflect  .   (no helmet)
rElec   .          Harm     .   (no cloak)
rCorr   .          Rampage  .   (no gloves)
Will    .....                   (no boots)
Stlth   +.........              (no amulet)
HPRegen 0.25/turn               (no ring)
MPRegen 0.08/turn               (no ring)

@: healing quickly, constricted
A: alive, fangs 3, see invisible, vampiric 1
a: Exsanguinate


You were on level 1 of the Dungeon.
You visited 1 branch of the dungeon, and saw 1 of its levels.

Inventory:

Hand Weapons
 a - a +0 short sword (weapon)
Missiles
 d - 5 boomerangs of dispersal (quivered)
Armour
 b - a +0 leather armour (worn)
Scrolls
 c - a scroll of blinking
Potions
 e - a potion of heal wounds {unknown}


   Skills:
 + Level 1.7 Fighting
 + Level 2.2 Short Blades
 + Level 0.7 Throwing
 + Level 0.7 Armour
 + Level 2.1 Dodging
 + Level 2.0 Spellcasting
 + Level 2.6 Translocations


You had 4 spell levels left.
You didn't know any spells.
Your spell library contained the following spells:

 Spells                   Type           Power      Damage    Failure   Level
 Blink                    Tloc           18%        N/A       16%         2
 Gell's Gravitas          Tloc           9%         N/A       30%         3
 Lesser Beckoning         Tloc           9%         N/A       30%         3
 Teleport Other           Tloc           9%         N/A       30%         3
 Manifold Assault         Tloc           9%         N/A       96%         5


Dungeon Overview and Level Annotations

Branches:
Dungeon (1/15)

Altars:


Innate Abilities, Weirdness & Mutations

Your natural rate of healing is accelerated.
You have razor-sharp teeth.
You have supernaturally acute eyesight. (SInv)
You are afflicted with vampirism.


Message History

A kobold comes into view. It is wielding a +0 club.
The kobold shouts!
A quokka comes into view.
A ball python and a rat come into view.
The ball python hisses angrily.
A dart slug comes into view.
Found a stone staircase leading down.
The kobold closely misses you. The kobold hits you with a +0 club.
The quokka bites you but does no damage.
The quokka bites you but does no damage.
The quokka barely misses you.
You hit the kobold.
You kill the kobold!
The quokka bites you.
You hit the rat but do no damage. The ball python bites you.
The ball python closely misses you. The quokka barely misses you.
The rat twitches its whiskers.
The rat barely misses you.
You hit the rat but do no damage. The ball python barely misses you.
The ball python grabs you. The ball python constricts you.
The quokka closely misses you. The rat closely misses you.
You completely miss the rat.
The ball python bites you but does no damage.
The ball python constricts you. The quokka barely misses you.
The rat bites you but does no damage.
You hit the rat but do no damage.
The ball python bites you but does no damage.
The ball python constricts you. The quokka bites you.
The rat closely misses you.
The quokka twitches its whiskers.
The quokka bites you.
* * * LOW HITPOINT WARNING * * *
The ball python barely misses you. The ball python constricts you.
* * * LOW HITPOINT WARNING * * *
You hit the rat.
You kill the rat!
The quokka bites you.
* * * LOW HITPOINT WARNING * * *
The ball python bites you.
You die...

.............+.............
.............###.#.........
.............†...#.........
.............†...#.........
.................#.........
........w........#.........
.......##........#.........
....... #r)S..##.#.........
....... #.@........##+###..
..w.... #............. #..
>...... #............. #..
....... #............. ....
####...............
................
............ ....
.............
..............


You could see a dart slug, a quokka and a ball python.

Vanquished Creatures
  A ball python (D:1)
  A quokka (D:1)
  A kobold (D:1)
  2 rats (D:1)
5 creatures vanquished.

Notes
Turn   | Place    | Note
-------+----------+-------------------------------------------
     0 | D:1      | Hubjo the Vampire Warper began the quest for the Orb.
     0 | D:1      | Reached XP level 1. HP: 16/16 MP: 3/3
   144 | D:1      | Slain by a ball python

Illustrated notes

Levels and vault maps discovered:
D:1:      dpeg_arrival_tiny_h, layout_basic, minmay_pentomino_w4

Action                   || total
-------------------------++-------
Melee: Short sword       ||    22
       Bite              ||     1
Armor: Leather armour    ||     9
Dodge: Dodged            ||    22

Table legend: (Time is in decaauts)
 A = Elapsed time spent in this place.
 B = Non-inter-level travel time spent in this place.
 C = Inter-level travel time spent in this place.
 D = Time resting spent in this place.
 E = Time spent auto-exploring this place.
 F = Levels seen in this place.
 G = Mean time per level.
                   A        B        C        D        E       F      G
               +--------+--------+--------+--------+--------+-----+--------+
         Total |    143 |    139 |      4 |      0 |     97 |   1 |  143.0 |
       Dungeon |    143 |    139 |      4 |      0 |     97 |   1 |  143.0 |
               +--------+--------+--------+--------+--------+-----+--------+

Top non-repeatable levels by time:
     D:1: 143 daAuts
